 Dungeon Crawl Stone Soup version 0.24.0-13-gcf9b3192b9 (webtiles) character file.

Game seed: 16568967422094737101, levelgen mode: classic

16960 EnegeticOcto the Cleaver (level 12, -12/109 HPs)
             Began as a Deep Dwarf Fighter on Nov 8, 2019.
             Was an Elder of Makhleb.
             Mangled by a balrug
             ... wielding a +1 demon whip of draining
             ... summoned by the player character
              (18 damage)
             ... on level 2 of the Orcish Mines.
             The game lasted 00:10:39 (10107 turns).

EnegeticOcto the Cleaver (Deep Dwarf Fighter)      Turns: 10107, Time: 00:10:39

Health: -12/109    AC: 19    Str: 24    XL:     12   Next: 14%
Magic:  12/12      EV:  7    Int: 10    God:    Makhleb [****..]
Gold:   533        SH: 10    Dex: 12    Spells: 11/11 levels left

rFire    . . .     SeeInvis .   a - +0 war axe (drain)
rCold    + . .     Gourm    .   c - +0 shield
rNeg     . . .     Faith    .   m - +0 plate armour
rPois    .         Spirit   .   (no helmet)
rElec    .         Reflect  .   h - +2 cloak
rCorr    .         Harm     .   (no gloves)
MR       +....                  x - +2 pair of boots
Stlth    ..........             (no amulet)
HPRegen  0.00/turn              (no ring)
MPRegen  0.13/turn              f - ring of protection from cold

@: non-regenerating, heavily drained
A: damage resistance, heal wounds, sense surroundings 2, no regeneration
a: Heal Wounds, Minor Destruction, Lesser Servant of Makhleb, Major Destruction,
Renounce Religion


You were on level 2 of the Orcish Mines.
You worshipped Makhleb.
Makhleb was greatly pleased with you.
You were not hungry.

You visited 3 branches of the dungeon, and saw 15 of its levels.
You also visited: Sewer and Ossuary.

You collected 989 gold pieces.
You spent 456 gold pieces at shops.

Inventory:

Hand Weapons
 a - a +0 war axe of draining (weapon)
Missiles
 B - 4 throwing nets (quivered)
Armour
 b - a +0 scale mail
 c - a +0 shield (worn)
 h - a +2 cloak (worn)
 m - a +0 plate armour (worn)
 u - a scarf of resistance
 w - a scarf of repulsion
 x - a +2 pair of boots (worn)
Jewellery
 f - a ring of protection from cold (right hand)
Wands
 n - a wand of flame (12)
 o - a wand of digging (3)
 A - a wand of acid (8)
Scrolls
 g - 4 scrolls of fog
 j - a scroll of enchant armour
 l - a scroll of magic mapping {@5}
 p - 6 scrolls of remove curse {@r2}
 s - a scroll of blinking {@r4}
 F - a scroll of enchant weapon
Potions
 d - 2 potions of might {@q3}
 i - 6 potions of haste {@q4}
 k - 3 potions of brilliance
 q - 6 potions of flight
 r - 2 potions of lignification {@q6}
 t - 5 potions of heal wounds {@q2}
 z - 4 potions of agility {@q5}
 C - a potion of mutation
 D - a potion of resistance
 E - a potion of berserk rage
 G - 3 potions of curing {@q1}
Miscellaneous
 H - a box of beasts
Comestibles
 e - 19 rations
 v - 9 chunks of flesh


   Skills:
 + Level 7.2(4.6) Fighting
 * Level 11.7(8.7) Axes
 + Level 8.9(6.1) Armour
 + Level 8.2(5.4) Dodging
 + Level 8.8(6.0) Shields
 * Level 10.8(7.9) Invocations
 + Level 1.2(0.0) Evocations


You had 11 spell levels left.
You didn't know any spells.
Your spell library contained the following spells:

 Spells                   Type           Power        Failure   Level  Hunger
 Flame Tongue             Conj/Fire      #....        100%        1    ##.....
 Magic Dart               Conj           #...         100%        1    ##.....
 Sandblast                Erth           #.....       100%        1    ##.....
 Shock                    Conj/Air       #...         100%        1    ##.....
 Passwall                 Tmut/Erth      #.......     100%        2    ###....
 Searing Ray              Conj           #.....       100%        2    ###....
 Swiftness                Chrm/Air       #.......     100%        2    ###....
 Throw Flame              Conj/Fire      #.....       100%        2    ###....
 Conjure Flame            Conj/Fire      #.......     100%        3    ####...
 Dazzling Spray           Conj/Hex       #.....       100%        3    ####...
 Inner Flame              Hex/Fire       #.......     100%        3    ####...
 Static Discharge         Conj/Air       #.......     100%        3    ####...
 Stone Arrow              Conj/Erth      #.....       100%        3    ####...
 Airstrike                Air            #.........   100%        4    #####..
 Force Lance              Conj/Tloc      #.......     100%        4    #####..
 Fulminant Prism          Conj/Hex       #.........   100%        4    #####..
 Iskenderun's Mystic Bla  Conj           #.......     100%        4    #####..
 Petrify                  Tmut/Erth      #.......     100%        4    #####..
 Sticky Flame             Conj/Fire      #.......     100%        4    #####..
 Fireball                 Conj/Fire      #.........   100%        5    ######.
 Lee's Rapid Deconstruct  Erth           #.........   100%        5    ######.
 Lightning Bolt           Conj/Air       #.........   100%        5    ######.


Dungeon Overview and Level Annotations

Branches:
Dungeon (12/15)            Temple (1/1) D:6            Lair (0/6) D:8
    Orc (1/2) D:12            Elf (0/3) Orc:2         Sewer (visited)
Ossuary (visited)

Altars:
Ashenzari
Cheibriados
Dithmenos
Elyvilon
Fedhas
Gozag
Hepliaklqana
Kikubaaqudgha
Makhleb
Nemelex Xobeh
Okawaru
Qazlal
Ru
Sif Muna
Trog
Uskayaw
Vehumet
Wu Jian
Xom
Yredelemnul
Zin
The Shining One
Beogh
Jiyva

Shops:
D:4 [   D:7 *   Orc:2 %}

Annotations:
D:12 3 runed translucent doors, Esekla's ghost, novice DDWz


Innate Abilities, Weirdness & Mutations

You are resistant to damage.
You can heal yourself by infusing magical energy.
You passively map the area around you.
You do not regenerate.


Message History

Your cacodemon hits the orc warrior but does no damage.
Your cacodemon hits the orc warrior.
The orc warrior hits you with a +0 scimitar.
The balrug gestures at you. You block the sticky flame.
The orc priest hits your cacodemon but does no damage.
The orc warlord roars a battlecry!
The orcs go into a battle-frenzy!
The orc hits your cacodemon with a +0 club.
Your surroundings suddenly seem different.
You feel much better.
You feel much better.
You feel much better.
The orc is too close now for your liking.
An orc is nearby!
An orc is nearby!
An orc is nearby!
You closely miss the orc.
The orc no longer looks unusually strong.
You block the orc's attack.
You closely miss the orc. You block the orc's attack.
You slash the orc!
You kill the orc!
Makhleb accepts your kill.
You feel better.
You hit the balrug but do no damage.
The balrug is moderately wounded.
The balrug closely misses you.
An orc comes into view. It is wielding a +0 whip.
The orc shouts!
You slash the balrug!
The balrug is heavily wounded.
You hear a shout!
The balrug gestures at you.
The sticky flame hits you but does no damage.
You are covered in liquid flames!
The balrug gestures at you. Makhleb smites you!
You slash the balrug!
The balrug is severely wounded.
You are covered in liquid flames!
You block the balrug's attack.
You closely miss the balrug.
The balrug is severely wounded.
You are covered in liquid flames!
The balrug hits you but does no damage.
You feel drained.
The orc warlord shouts!
The orc priest shouts!
You hit the balrug but do no damage.
The balrug is severely wounded.
You hear a shout! x2
The balrug hits you with a +1 demon whip of draining.
You are engulfed in flames!
You feel drained.
The orc warlord roars a battlecry!
The orcs go into a battle-frenzy!
You slash the balrug!
The balrug is severely wounded.
The balrug gestures at you.
The fireball explodes!
The fireball engulfs you!!
The fireball engulfs the balrug.
The balrug completely resists.
You hear a shout!
The orc warrior shouts!
You hear a shout! x2
You are too injured to fight recklessly!
You hit the balrug.
The balrug is severely wounded.
The balrug gestures at you. The sticky flame hits you.
You are covered in liquid flames!
The balrug hits you with a +1 demon whip of draining!
* * * LOW HITPOINT WARNING * * *
You are engulfed in flames!!
* * * LOW HITPOINT WARNING * * *
You feel drained.
* * * LOW HITPOINT WARNING * * *
You feel much better.
You are covered in liquid flames!
* * * LOW HITPOINT WARNING * * *
The balrug completely misses you.
You feel much better.
The balrug hits you with a +1 demon whip of draining!
You are engulfed in flames!!
* * * LOW HITPOINT WARNING * * *
You feel drained.
You feel much better.
The balrug hits you with a +1 demon whip of draining!
You are engulfed in flames!!
* * * LOW HITPOINT WARNING * * *
You feel drained.
* * * LOW HITPOINT WARNING * * *
You hit the balrug.
The balrug is almost dead.
The balrug hits you with a +1 demon whip of draining.
* * * LOW HITPOINT WARNING * * *
You are engulfed in flames!
* * * LOW HITPOINT WARNING * * *
You feel drained.
An orc comes into view.
Your plate armour prevents you from hitting the balrug.
The balrug is severely wounded.
The balrug hits you with a +1 demon whip of draining.
You are engulfed in flames!!
You die...

#####..........######...
##.#...........#......... ## ###
#................########
.###.#####.#....._..#.#.##
..#.........#...........# ,, * ,
.#...#####.............#### ,
#...## , ##......#o.#..#.8##+###'
##..# , #......2ooo8o'..o.)....
.##.#, , #.....@##o..))oo.)).8..
#...# , ,#..##..###.8.ooo2oo....
....##, ,##.......###..#)8##+###+
.....###+#.........###.####,
..............###.## #..# , ,
...............##.#####.##*,
..............##.....##..########
.......#.....###......##.........
...........<)#....#..#######...##


You could see a balrug, an orc warrior, an orc priest and 3 orcs.

Vanquished Creatures
  An ettin (Orc:1)
  Erolcha (Orc:1)
  Harold (D:7)
  Sonja (D:11)
  A deep elf mage (D:8)
  2 ugly things
  An orc sorcerer (Orc:1)
  A cyclops (D:12)
  3 gargoyles
  A queen bee (D:9)
  Grinder (D:3)
  3 trolls
  Sigmund (D:2)
  2 wraiths (D:12)
  A hungry ghost (D:6)
  A steam dragon (D:8)
  A warg (Orc:1)
  An acid dragon (D:11)
  4 sky beasts
  19 orc warriors
  4 ice beasts
  A necrophage (D:10)
  5 ogres
  8 centaurs
  2 crocodiles
  2 big kobolds
  Blork the orc (D:6)
  9 bullfrogs
  2 elf zombies (Ossuary)
  A wyvern zombie (D:9)
  5 scorpions
  13 killer bees (D:9)
  12 wights
  4 centaur zombies
  A quasit (D:9)
  A bullfrog zombie (D:6)
  2 crimson imps
  6 hounds
  6 jellies
  2 centaur skeletons
  Crazy Yiuf (D:6)
  14 orc priests
  2 bullfrog skeletons
  Jessica (D:3)
  6 iguanas
  18 orc wizards
  5 worker ants
  A hound zombie (D:11)
  3 hound skeletons
  2 mummies (Ossuary)
  3 worker ant zombies
  11 adders
  3 shadow imps
  6 oozes
  An adder skeleton (D:8)
  An adder zombie (D:6)
  3 worms
  3 dart slugs
  6 leopard geckos
  65 orcs
  3 giant cockroaches
  8 goblins
  6 hobgoblins
  23 jackals
  4 quokkas
  A ball python (D:1)
  7 bats
  7 frilled lizards
  2 goblin zombies (Ossuary)
  10 hobgoblin zombies (Ossuary)
  A jackal skeleton (D:5)
  A jackal zombie (Ossuary)
  17 kobolds
  8 kobold zombies (Ossuary)
  10 orc zombies (Ossuary)
  A quokka skeleton (D:8)
  5 rats
  A rat zombie (Ossuary)
404 creatures vanquished.

Vanquished Creatures (collateral kills)
  A hornet (D:9)
  A warg (Orc:2)
  8 orc warriors (Orc:2)
  An ogre (Orc:2)
  4 killer bees (D:9)
  A wight (D:9)
  3 orc priests (Orc:2)
  3 orc wizards (Orc:2)
  10 orcs
32 creatures vanquished.

Grand Total: 436 creatures vanquished

Notes
Turn   | Place    | Note
-------+----------+-------------------------------------------
     0 | D:1      | EnegeticOcto the Deep Dwarf Fighter began the quest for the
                  | Orb.
     0 | D:1      | Reached XP level 1. HP: 20/20 MP: 1/1
   162 | D:1      | Reached XP level 2. HP: 20/27 MP: 2/2
   256 | D:2      | Found a snail-covered altar of Cheibriados.
   271 | D:2      | Found a shimmering blue altar of Sif Muna.
   288 | D:2      | Reached skill level 1 in Dodging
   288 | D:2      | Reached XP level 3. HP: 22/33 MP: 2/2
   310 | D:2      | Noticed Sigmund
   321 | D:2      | Killed Sigmund
   321 | D:2      | Reached skill level 3 in Axes
   321 | D:2      | Reached XP level 4. HP: 19/42 MP: 3/3
   321 | D:2      | Reached XP level 5. HP: 22/49 MP: 4/4
   378 | D:2      | Reached skill level 4 in Axes
   405 | D:2      | Found a sparkling altar of Nemelex Xobeh.
   442 | D:2      | Found an ancient bone altar of Kikubaaqudgha.
   443 | D:2      | Found an ornate altar of the Wu Jian Council.
   569 | D:2      | Found a shadowy altar of Dithmenos.
   768 | D:2      | Found a glowing silver altar of Zin.
   918 | D:3      | Noticed Grinder
   942 | D:3      | Reached XP level 6. HP: 53/56 MP: 4/4
   943 | D:3      | Paralysed by Grinder for 3 turns
   948 | D:3      | Paralysed by Grinder for 5 turns
   956 | D:3      | Killed Grinder
   956 | D:3      | Reached skill level 5 in Axes
  1233 | D:3      | Noticed Jessica
  1265 | D:3      | Killed Jessica
  1265 | D:3      | Reached XP level 7. HP: 32/63 MP: 5/5
  1296 | D:3      | Found a glowing drain.
  1319 | Sewer    | Entered a sewer
  1766 | D:4      | Found Huoneibue's Antique Armour Boutique.
  2147 | D:4      | Found a hazy altar of Hepliaklqana.
  2289 | D:4      | Reached skill level 5 in Armour
  2458 | D:5      | Entered Level 5 of the Dungeon
  2463 | D:5      | Reached skill level 5 in Shields
  2809 | D:5      | Reached skill level 6 in Axes
  3088 | D:6      | Reached XP level 8. HP: 71/72 MP: 5/5
  3092 | D:6      | Found a staircase to the Ecumenical Temple.
  3101 | Temple   | Entered the Ecumenical Temple
  3431 | D:6      | Noticed Blork the orc
  3442 | D:6      | Killed Blork the orc
  3746 | D:6      | Found a runed translucent door.
  3747 | D:6      | Noticed Crazy Yiuf
  3787 | D:6      | Reached skill level 7 in Axes
  3948 | D:6      | Found an iron altar of Okawaru.
  4043 | D:6      | Reached skill level 5 in Dodging
  4138 | D:6      | Killed Crazy Yiuf
  4226 | D:7      | Reached skill level 5 in Fighting
  4252 | D:7      | Found Para Margh's General Store.
  4271 | D:7      | Found a burning altar of Makhleb.
  4274 | D:7      | Gained mutation: You passively map the area around you.
                  | [Deep Dwarf growth]
  4274 | D:7      | Reached XP level 9. HP: 61/81 MP: 4/4
  4282 | D:7      | Became a worshipper of Makhleb the Destroyer
  4311 | D:7      | Found a sand-covered staircase.
  4338 | Ossuary  | Entered an ossuary
  4391 | Ossuary  | Reached skill level 1 in Invocations
  4395 | Ossuary  | Reached * piety under Makhleb
  4423 | Ossuary  | Reached skill level 8 in Axes
  4588 | D:7      | Reached ** piety under Makhleb
  4693 | D:7      | Noticed Harold
  4711 | D:7      | Killed Harold
  5159 | D:8      | Reached skill level 5 in Invocations
  5165 | D:8      | Found a staircase to the Lair.
  5197 | D:8      | Reached skill level 9 in Axes
  5204 | D:8      | Found a viscous altar of Jiyva.
  5292 | D:8      | Noticed a deep elf mage
  5308 | D:8      | Killed a deep elf mage
  5308 | D:8      | Reached XP level 10. HP: 79/91 MP: 7/9
  5574 | D:8      | Reached *** piety under Makhleb
  5920 | D:9      | Paralysed by a hornet for 2 turns
  5926 | D:9      | Paralysed by a hornet for 3 turns
  5984 | D:9      | Found a basalt altar of Yredelemnul.
  6123 | D:9      | Reached **** piety under Makhleb
  6136 | D:9      | Reached skill level 10 in Axes
  6783 | D:10     | Entered Level 10 of the Dungeon
  6934 | D:10     | Found Jirph's Food Boutique.
  7128 | D:10     | Found a hazy altar of Hepliaklqana.
  7179 | D:10     | Reached XP level 11. HP: 77/98 MP: 12/12
  7765 | D:11     | Noticed Sonja
  7774 | D:11     | Killed Sonja
  8000 | D:11     | Noticed a green ugly thing
  8011 | D:11     | Killed a green ugly thing
  8471 | D:12     | Found a runed translucent gate.
  8471 | D:12     | Found a runed translucent gate.
  8471 | D:12     | Found a runed translucent gate.
  8501 | D:12     | Noticed a white ugly thing
  8516 | D:12     | Killed a white ugly thing
  8745 | D:12     | Noticed Esekla's ghost (novice DDWz)
  8747 | D:12     | Found a staircase to the Orcish Mines.
  8864 | D:12     | Reached skill level 11 in Axes
  8999 | Orc:1    | Entered Level 1 of the Orcish Mines
  9010 | Orc:1    | Noticed an ettin
  9030 | Orc:1    | Killed an ettin
  9067 | Orc:1    | Noticed Erolcha
  9088 | Orc:1    | Killed Erolcha
  9088 | Orc:1    | Reached skill level 10 in Invocations
  9363 | Orc:1    | Noticed an orc sorcerer
  9369 | Orc:1    | Killed an orc sorcerer
  9415 | Orc:1    | You fall into a shaft and drop 1 floor!
  9415 | Orc:2    | Entered Level 2 of the Orcish Mines
  9451 | Orc:2    | Found a staircase to the Elven Halls.
  9462 | Orc:2    | Found a roughly hewn altar of Beogh.
  9462 | Orc:2    | Found Roangoi's Gadget Shop.
  9477 | Orc:2    | Reached XP level 12. HP: 109/109 MP: 12/12
  9486 | Orc:2    | Bought a wand of acid (5) for 216 gold pieces
  9486 | Orc:2    | Bought a box of beasts for 240 gold pieces
  9506 | Orc:2    | Reached ***** piety under Makhleb
  9590 | Orc:2    | Found a roughly hewn altar of Beogh.
  9610 | Orc:2    | Found Jynahop's Food Boutique.
  9792 | Orc:2    | Found a roughly hewn altar of Beogh.
  9808 | Orc:2    | Found a shimmering blue altar of Sif Muna.
  9874 | Orc:2    | Found a roughly hewn altar of Beogh.
  9961 | Orc:2    | Found a roughly hewn altar of Beogh.
  9968 | Orc:2    | Reached skill level 1 in Evocations
  9995 | Orc:2    | Found a roughly hewn altar of Beogh.
 10059 | Orc:2    | Noticed an orc warlord
 10068 | Orc:2    | Noticed a balrug
 10107 | Orc:2    | Mangled by a balrug

Levels and vault maps discovered:
D:1:      dpeg_arrival_solitude, layout_basic
D:2:      layout_basic, old_standard_altar, nicolae_overflow_hidden_temple,
          grunt_dithmenos_smoke, minmay_bisected, uniq_robin, uniq_sigmund
D:3:      layout_rooms, cheibrodos_sewer_entry_sluice, uniq_grinder,
          uniq_jessica
D:4:      layout_basic, old_standard_altar, serial_shops,
          nicolae_shop_window_shopping
D:5:      layout_loops_cross, first_ration
D:6:      layout_loops_ring, kennysheep_mini_moat,
          minmay_temple_entry_antechambers, hangedman_glass_teeth,
          kennysheep_cluttered_room, minmay_misc_feat_iff, uniq_blork_the_orc,
          uniq_crazy_yiuf_cottage
D:7:      layout_cave_pools, makhleb_heckhound_becter,
          nicolae_ossuary_entry_ruins, serial_shops, shop, uniq_harold
D:8:      layout_basic, lair_entry_dummy, hangedman_little_slice_of_home,
          guppyfry_early_elven_hall
D:9:      layout_gridville, overflow_temple_1_default, minivault_7
D:10:     layout_long_grid, serial_shops, shop, basic_altar,
          chequers_decorated_corner
D:11:     layout_small_grid, minmay_misc_feat_pillars, bh_walls_and_bars,
          uniq_sonja
D:12:     layout_gridville, orc_0_dummy, gammafunk_ghost_icy, serial_glass,
          glass_columns_a, glass_columns_a, glass_columns_b, glass_columns_a,
          glass_columns_a, glass_columns_a
Temple:   minmay_temple_curvy_loop
Orc:1:    layout_diamond_mine, basic_altar, uniq_josephine, uniq_erolcha
Orc:2:    grunt_orc_community_town_hall, layout_caves,
          grunt_orc_community_big_house_2, grunt_orc_community_big_house_1,
          grunt_orc_community_house_2, grunt_orc_community_house_3,
          grunt_orc_community_house_1, grunt_orc_community_house_2, basic_altar,
          led_sif_book

Skill      XL: |  1  2  3  4  5  6  7  8  9 10 11 12 |
---------------+-------------------------------------+-----
Dodging        | 1 2 3 4 5 6 7 8 |  8.2
Fighting       | 3 4 5 6 7 |  7.2
Axes           | 3 4 5 6 7 9 10 11 | 11.7
Armour         | 4 5 6 7 8 |  8.9
Shields        | 4 5 6 7 8 |  8.8
Invocations    | 5 8 10 | 10.8
Evocations     | 1 |  1.2

Action                   |  1- 3 |  4- 6 |  7- 9 | 10-12 || total
-------------------------+-------+-------+-------+-------++-------
Melee: War axe           |    87 |   180 |   551 |   754 ||  1572
Invok: Lesser Servant of |       |       |       |     4 ||     4
       Greater Servant o |       |       |       |     4 ||     4
 Abil: Heal Wounds       |     1 |     2 |     9 |    24 ||    36
Evoke: Wand              |       |       |       |     4 ||     4
  Use: Scroll            |       |       |    14 |     8 ||    22
       Potion            |       |       |       |     1 ||     1
 Stab: Distracted        |       |       |       |     2 ||     2
  Eat: Chunk             |       |     2 |     8 |    10 ||    20
       Ration            |       |       |     4 |     2 ||     6
Armor: Scale mail        |    56 |    22 |       |       ||    78
       Plate armour      |       |   142 |   273 |   440 ||   855
Dodge: Dodged            |    30 |    72 |   108 |   317 ||   527
       Deflected         |       |       |     1 |       ||     1
Block: Shield            |    48 |   145 |   269 |   542 ||  1004
